 Dungeon Crawl Stone Soup version 0.28.0-53-g5a82cb258f (webtiles) character file.

Game seed: 701693468803421093

22082 Morge the Fencer (level 12, -2/110 HPs)
             Began as a Minotaur Fighter on June 30, 2022.
             Was a High Priest of Lugonu.
             Slain by an orc warrior
             ... wielding a +0 halberd
              (15 damage)
             ... on level 2 of the Orcish Mines on July 1, 2022.
             The game lasted 01:21:15 (13761 turns).

Morge the Fencer (Minotaur Fighter)                Turns: 13761, Time: 01:21:16

Health: -2/110     AC: 31    Str: 23    XL:     12   Next: 59%
Magic:  0/12       EV:  8    Int:  5    God:    Lugonu [*****.]
Gold:   876        SH:  0    Dex: 13    Spells: 11/11 levels left

rFire   + . .      SeeInvis .   B - +3 great sword (freeze)
rCold   x . .      Faith    .   (shield currently unavailable)
rNeg    . . .      Spirit   +   q - +3 plate armour
rPois   +          Reflect  .   m - +2 hat {Will+}
rElec   .          Harm     .   I - +2 cloak {rPois}
rCorr   .          Rampage  .   i - +2 pair of gloves
Will    +....                   F - +2 pair of boots
Stlth   ..........              A - amulet of guardian spirit
HPRegen 0.28/turn               Q - ring of fire
MPRegen 0.13/turn               (no ring)

@: hasted, very quick
A: horns 2, retaliatory headbutt
a: Renounce Religion, Depart the Abyss, Bend Space, Banish, Corrupt, Enter the
Abyss


You were on level 2 of the Orcish Mines.
You worshipped Lugonu.
Lugonu was extremely pleased with you.
You visited 3 branches of the dungeon, and saw 14 of its levels.
You also visited: Sewer.

You collected 1079 gold pieces.
You spent 203 gold pieces at shops.

Inventory:

Hand Weapons
 a - a +0 spectral long sword
 d - a +4 flail
 s - a +4 dagger
 t - a +3 trident
 w - a +3 vorpal falchion
 B - a +3 great sword of freezing (weapon)
 L - a +0 great sword of flaming
 T - a +0 vorpal shortbow
 W - a +1 great mace of distortion
 X - the +7 halberd "Ceqeiche" {drain, *Slow rElec Str+6 Stlth+}
   (You found it on level 9 of the Dungeon)

   A truly terrible weapon, it drains the life of any living foe it strikes.
   Str:       It affects your strength (+6).
   rElec:     It insulates you from electricity.
   *Slow:     It may slow you when you take damage.
   Stlth:     It makes you more stealthy.
Missiles
 f - 260 arrows
 g - 4 boomerangs (quivered)
 h - 68 poisoned darts
 u - 5 curare-tipped darts
Armour
 c - a +0 buckler
 i - a +2 pair of gloves (worn)
 j - a +0 troll leather armour
 m - a +2 hat of willpower (worn)
 q - a +3 plate armour (worn)
 v - the +1 robe of the Curious Lovers {Harm rF+ Will+ Stlth-}
   (You found it on level 4 of the Dungeon)

   rF:        It protects you from fire.
   Harm:      It increases damage dealt and taken.
   Will:      It increases your willpower.
   Stlth:     It makes you less stealthy.
 C - +0 acid dragon scales
 F - a +2 pair of boots (worn)
 G - a scarf of repulsion
 I - a +2 cloak of poison resistance (worn)
 R - a scarf of shadows
Magical Staves
 y - a staff of cold
Jewellery
 p - the amulet "Viuwiuh" {Reflect Slay+3 SH+5}
   (You found it on level 1 of the Orcish Mines)

   [amulet of reflection]

   It reflects blocked missile attacks.
   Slay:      It affects your accuracy & damage with ranged weapons and melee
   (+3).
   SH:        It affects your SH (+5).
 A - an amulet of guardian spirit (around neck)
 Q - a ring of fire (left hand)
Wands
 n - a wand of flame (8)
 D - a wand of paralysis (24)
 E - a wand of iceblast (10)
 P - a wand of digging (4)
Scrolls
 e - 7 scrolls of teleportation
 k - 4 scrolls of blinking
 l - 3 scrolls of amnesia
 x - a scroll of silence
 H - 3 scrolls of identify
 K - a scroll of fog
 U - a scroll of torment
 V - a scroll of fear
Potions
 b - a potion of lignification
 o - a potion of invisibility
 r - 3 potions of curing
 z - 2 potions of haste
 J - 4 potions of flight
 M - 2 potions of magic
 N - a potion of cancellation
 O - a potion of berserk rage
 S - a potion of ambrosia


   Skills:
 + Level 11.1 Fighting
 + Level 17.6 Long Blades
 + Level 0.5 Throwing
 + Level 13.4 Armour
 + Level 2.6 Dodging
 + Level 1.1 Stealth
 + Level 6.2 Shields
 + Level 2.0 Invocations
 + Level 1.0 Evocations


You had 11 spell levels left.
You didn't know any spells.
Your spell library contained the following spells:

 Spells                   Type           Power      Damage    Failure   Level
 Foxfire                  Conj/Fire      0%         2x1d4     99%         1
 Magic Dart               Conj           0%         1d3       99%         1
 Summon Small Mammal      Summ           0%         N/A       99%         1
 Blink                    Tloc           0%         N/A       100%        2
 Searing Ray              Conj           0%         2d4       100%        2
 Static Discharge         Conj/Air       0%         N/A       100%        2
 Sublimation of Blood     Necr           0%         N/A       100%        2
 Wereblood                Tmut           0%         N/A       100%        2
 Call Canine Familiar     Summ           0%         N/A       100%        3
 Conjure Flame            Conj/Fire      0%         6-21      100%        3
 Inner Flame              Hex/Fire       0%         N/A       100%        3
 Lesser Beckoning         Tloc           0%         N/A       100%        3
 Summon Guardian Golem    Hex/Summ       0%         N/A       100%        3
 Flame Wave               Conj/Fire      0%         2d4       100%        4
 Fulminant Prism          Conj/Hex       0%         3d6       100%        4
 Petrify                  Tmut/Erth      0%         N/A       100%        4
 Irradiate                Conj/Tmut      0%         3d13      100%        5
 Lightning Bolt           Conj/Air       0%         1d11      100%        5
 Manifold Assault         Tloc           0%         N/A       100%        5
 Conjure Ball Lightning   Conj/Air       0%         3x3d6     100%        6
 Summon Hydra             Summ           0%         N/A       100%        7
 Discord                  Hex            0%         N/A       100%        8
 Disjunction              Tloc           0%         N/A       100%        8
 Maxwell's Capacitive Co  Air            0%         ∞         100%        8


Dungeon Overview and Level Annotations

Branches:
Dungeon (11/15)            Temple (1/1) D:5             Orc (2/2) D:10
  Sewer (visited)
   Lair: D:8-11         Elf: Orc:2

Altars:
Ashenzari
Cheibriados
Dithmenos
Elyvilon
Fedhas
Gozag
Hepliaklqana
Kikubaaqudgha
Makhleb
Nemelex Xobeh
Okawaru
Qazlal
Ru
Sif Muna
Trog
Uskayaw
Vehumet
Wu Jian
Xom
Yredelemnul
Zin
The Shining One
Lugonu

Shops:
D:8 *

Portals:
Abyss: D:9


Innate Abilities, Weirdness & Mutations

You have a pair of horns on your head.
You reflexively headbutt those who attack you in melee.


Message History

The orc knight is lightly wounded.
The orc warrior hits you from afar with a +0 halberd.
The orc knight hits you with a +0 great sword.
You slash the orc knight! You freeze the orc knight.
You headbutt the orc knight, but do no damage.
The orc knight is moderately wounded.
The orc warrior hits you from afar with a +0 halberd!!
The orc warrior barely misses you. The orc knight barely misses you.
You furiously retaliate!
You headbutt the orc knight! You hit the orc knight. You freeze the orc knight.
Your headbutt misses the orc knight.
The orc knight is heavily wounded.
The orc warrior hits you from afar with a +0 halberd!
An orc knight comes into view. It is wielding a +0 battleaxe.
The orc warrior hits you with a +0 flail.
The orc knight barely misses you. The orc closely misses you.
The orc knight shouts!
You hit the orc knight but do no damage.
Your headbutt misses the orc knight.
The orc knight is heavily wounded.
An orc warrior comes into view. It is wielding a +0 dire flail.
The orc knight hits you but does no damage.
The orc warrior hits you but does no damage.
You barely miss the orc knight. Your headbutt misses the orc knight.
The orc knight is heavily wounded.
The orc warrior hits you with a +0 flail.
The orc closely misses you. You furiously retaliate!
You headbutt the orc. The orc knight barely misses you.
You furiously retaliate!
You headbutt the orc knight, but do no damage.
The orc knight hits you with a +0 great sword!
The orc warrior hits you but does no damage.
You feel yourself speed up.
The orc warrior hits you with a +0 flail!!
* * * LOW HITPOINT WARNING * * *
The orc knight hits you with a +0 great sword!
* * * LOW HITPOINT WARNING * * *
The ogre hits you with a +0 giant club.
* * * LOW HITPOINT WARNING * * *
The orc warrior hits you from afar with a +0 halberd!
You die...

.........#. ..
..........##....
...........#...#.
.................
.................
..............o..
.......<...o.....
.......)Oooo.....
......)))@oo..o..
......)))oo......
......#........#.
.....##.#.....##
..... .......##
$.......$...##
...........##
..<........#
........#.


You could see 3 orc knights, 4 orc warriors, an ogre, an orc wizard (strong) and
2 orcs.

Vanquished Creatures
  The ghost of Peloso the Fencer, a journeyman MiFi of Okawaru (Orc:1)
  Harold (D:10)
  3 boulder beetles
  3 two-headed ogres
  A centaur warrior (D:10)
  An ogre mage (D:10)
  A two-headed ogre (shapeshifter) (D:9)
  The ghost of Cykl0x the Geomancer, a journeyman GrEE of Vehumet (D:9)
  A soul eater (D:9)
  2 orc knights
  Pikel (D:6)
  A deep elf pyromancer (D:10)
  An orc sorcerer (Orc:2)
  A toenail golem (D:9)
  A moth of wrath (Orc:1)
  2 unseen horrors (D:10)
  An ancient zyme (D:9)
  A troll (D:10)
  A troll (shapeshifter) (D:10)
  A slime creature (D:10)
  A shadow (D:10)
  2 wyverns (D:8)
  6 yaks
  Eustachio (D:4)
  A steam dragon (D:9)
  2 vampire mosquitoes (D:10)
  Menkaure (D:4)
  6 wargs (Orc:1)
  3 acid dragons (D:10)
  A water moccasin (D:8)
  2 small abominations (D:9)
  6 orc warriors
  A hornet zombie (D:8)
  A necrophage (D:5)
  4 ogres
  A sky beast (D:8)
  7 centaurs
  A phantom (D:7)
  9 kobold brigands
  4 bullfrogs
  2 scorpions
  8 wights
  13 killer bees
  12 howler monkeys
  5 centaur zombies
  A centaur skeleton (D:6)
  5 hounds
  A bullfrog zombie (D:6)
  11 orc priests
  A bullfrog skeleton (D:7)
  An iguana (D:6)
  8 orc wizards
  A killer bee zombie (D:7)
  A howler monkey zombie (D:9)
  4 gnolls (D:5)
  11 adders
  2 white imps
  An adder skeleton (D:4)
  4 worms
  2 dart slugs
  30 orcs
  9 ball pythons
  5 bats
  5 endoplasms
  4 giant cockroaches
  5 hobgoblins
  6 jackals
  17 kobolds
  2 quokkas
  3 frilled lizards
  11 goblins
  8 rats
285 creatures vanquished.

Vanquished Creatures (others)
  A deep elf pyromancer (D:10)
  A centaur (D:7)
  A gnoll sergeant (D:7)
  An orc (D:7)
  8 fungi (Orc:2)
  8 plants (D:5)
20 creatures vanquished.

Grand Total: 305 creatures vanquished

Notes
Turn   | Place    | Note
-------+----------+-------------------------------------------
     0 | D:1      | Morge the Minotaur Fighter began the quest for the Orb.
     0 | D:1      | Reached XP level 1. HP: 19/19 MP: 0/0
    65 | D:1      | Reached XP level 2. HP: 27/27 MP: 1/1
   747 | D:2      | Reached XP level 3. HP: 33/33 MP: 2/2
  1027 | D:2      | Reached skill level 3 in Long Blades
  1696 | D:3      | Reached XP level 4. HP: 29/40 MP: 3/3
  1963 | D:3      | Reached skill level 4 in Long Blades
  2046 | D:3      | Found a faded altar of an unknown god.
  2059 | D:3      | Prayed at the altar of an unknown god.
  2059 | D:3      | Became a worshipper of Lugonu the Unformed
  2059 | D:3      | Reached * piety under Lugonu
  2059 | D:3      | Reached ** piety under Lugonu
  2214 | D:3      | Found a hazy altar of Hepliaklqana.
  2225 | D:3      | Noticed a scorpion
  2245 | D:3      | Killed a scorpion
  2246 | D:3      | Reached XP level 5. HP: 24/47 MP: 4/4
  2753 | D:4      | Found a hide-covered altar of Uskayaw.
  2753 | D:4      | Found a basalt altar of Yredelemnul.
  2753 | D:4      | Noticed Menkaure
  2755 | D:4      | Found a shadowy altar of Dithmenos.
  2760 | D:4      | Killed Menkaure
  2761 | D:4      | Reached skill level 5 in Long Blades
  2761 | D:4      | Reached skill level 5 in Armour
  2761 | D:4      | Reached skill level 1 in Dodging
  2761 | D:4      | Reached XP level 6. HP: 13/53 MP: 5/5
  3089 | D:4      | Found a glowing drain.
  3110 | Sewer    | Entered a sewer
  3716 | Sewer    | Reached skill level 6 in Long Blades
  3716 | Sewer    | Reached XP level 7. HP: 55/60 MP: 6/6
  3809 | Sewer    | Reached skill level 5 in Fighting
  3809 | Sewer    | Reached skill level 5 in Shields
  4221 | Sewer    | Reached *** piety under Lugonu
  4389 | Sewer    | Reached skill level 7 in Long Blades
  4676 | D:4      | Identified the +1 robe of the Curious Lovers {Harm rF+
                  | Will+ Stlth-}
  4690 | D:4      | Noticed Eustachio
  4694 | D:4      | Killed Eustachio
  4852 | D:4      | Found a sacrificial altar of Ru.
  4993 | D:5      | Entered Level 5 of the Dungeon
  4993 | D:5      | Noticed a yak
  4993 | D:5      | Noticed a yak
  4995 | D:5      | Noticed a yak
  4997 | D:5      | Noticed a yak
  4999 | D:5      | Noticed a yak
  5000 | D:5      | Killed a yak
  5001 | D:5      | Reached XP level 8. HP: 53/69 MP: 7/7
  5005 | D:5      | Reached skill level 8 in Long Blades
  5335 | D:5      | Reached skill level 1 in Stealth
  5475 | D:5      | Reached skill level 9 in Long Blades
  5520 | D:5      | Found a staircase to the Ecumenical Temple.
  5534 | Temple   | Entered the Ecumenical Temple
  5657 | D:5      | Reached XP level 9. HP: 74/75 MP: 8/8
  6386 | D:6      | Noticed Pikel
  6402 | D:6      | Killed Pikel
  6403 | D:6      | Reached skill level 10 in Long Blades
  6555 | D:6      | Reached skill level 11 in Long Blades
  7482 | D:7      | Reached skill level 10 in Armour
  7495 | D:7      | Noticed a boulder beetle
  7526 | D:7      | Killed a boulder beetle
  7527 | D:7      | Reached skill level 12 in Long Blades
  7527 | D:7      | Reached XP level 10. HP: 56/84 MP: 6/9
  7535 | D:7      | Reached **** piety under Lugonu
  7538 | D:7      | Found a shimmering altar of Xom.
  8421 | D:8      | Noticed a two-headed ogre
  8429 | D:8      | Killed a two-headed ogre
  8430 | D:8      | Reached skill level 13 in Long Blades
  8449 | D:8      | Found a white marble altar of Elyvilon.
  8664 | D:8      | Found Okhlub's Serpentskin Sales.
  8669 | D:8      | Bought a +2 cloak of poison resistance for 203 gold pieces
  9413 | D:9      | Reached skill level 1 in Invocations
  9436 | D:9      | Found a transporter.
  9468 | D:9      | Noticed a soul eater
  9484 | D:9      | Noticed a toenail golem
  9509 | D:9      | Killed a toenail golem
  9510 | D:9      | Reached skill level 14 in Long Blades
  9513 | D:9      | Noticed Cykl0x's ghost (journeyman GrEE)
  9520 | D:9      | Killed Cykl0x's ghost
  9521 | D:9      | Reached XP level 11. HP: 48/94 MP: 5/11
  9531 | D:9      | Killed a soul eater
  9536 | D:9      | Identified the +7 halberd "Ceqeiche" {drain, *Slow rElec
                  | Str+6 Stlth+}
  9552 | D:9      | Found a one-way gate to the infinite horrors of the Abyss.
  9552 | D:9      | Noticed a two-headed ogre
  9560 | D:9      | Killed a two-headed ogre
 10079 | D:9      | Found a transporter.
 10860 | D:10     | Entered Level 10 of the Dungeon
 10860 | D:10     | Found a staircase to the Orcish Mines.
 10882 | D:10     | Noticed an ogre mage
 10882 | D:10     | Noticed a boulder beetle
 10882 | D:10     | Noticed a centaur warrior
 10882 | D:10     | Noticed a boulder beetle
 10882 | D:10     | Noticed a deep elf pyromancer
 10886 | D:10     | Killed an ogre mage
 10887 | D:10     | Reached skill level 15 in Long Blades
 10890 | D:10     | Killed a centaur warrior
 10890 | D:10     | Reached ***** piety under Lugonu
 10896 | D:10     | Killed a deep elf pyromancer
 10901 | D:10     | Killed a boulder beetle
 10906 | D:10     | Noticed an orc knight
 10909 | D:10     | Killed a boulder beetle
 10921 | D:10     | Killed an orc knight
 10928 | D:10     | Reached skill level 16 in Long Blades
 10951 | D:10     | Noticed a two-headed ogre
 10963 | D:10     | Killed a two-headed ogre
 10964 | D:10     | Reached skill level 10 in Fighting
 10979 | D:10     | Reached XP level 12. HP: 37/106 MP: 7/12
 11015 | D:10     | Noticed Harold
 11025 | D:10     | Killed Harold
 11398 | D:10     | Noticed a two-headed ogre
 11411 | D:10     | Killed a two-headed ogre
 11412 | D:10     | Reached skill level 17 in Long Blades
 11718 | D:10     | Identified the +2 scale mail of the Unseen Realm {Str+2}
 11814 | D:10     | Found an opulent altar of Gozag.
 12116 | D:10     | Found a snail-covered altar of Cheibriados.
 12420 | D:10     | Found an ancient bone altar of Kikubaaqudgha.
 12591 | Orc:1    | Entered Level 1 of the Orcish Mines
 12884 | Orc:1    | Found a transporter.
 12896 | Orc:1    | Noticed Peloso's ghost (journeyman MiFi)
 12902 | Orc:1    | Found a transporter.
 13353 | Orc:1    | Killed Peloso's ghost
 13655 | Orc:1    | Identified the amulet "Viuwiuh" {Reflect Slay+3 SH+5}
 13716 | Orc:2    | Entered Level 2 of the Orcish Mines
 13726 | Orc:2    | Reached skill level 1 in Evocations
 13761 | Orc:2    | Slain by an orc warrior

Illustrated notes

Levels and vault maps discovered:
D:1:      sevenhm_arrival_forest_fort_small_6, layout_rooms,
          wander_ebering_terrifying_dragon_lair
D:2:      layout_basic
D:3:      layout_basic, mainiacjoe_overflow_boulevard,
          hellmonk_ecumenical_altar_inner_sanctum, dk_noncrumbling_4,
          minmay_goblin_outpost
D:4:      layout_basic, nicolae_ru_path_of_blood, grunt_temple_overflow_open,
          portal_sewer_entry_a, uniq_menkaure, uniq_eustachio
D:5:      layout_loops_cross, minmay_temple_entry_overgrown,
          nicolae_zen_rock_garden, minivault_5
D:6:      layout_loops_ring, uniq_pikel
D:7:      layout_rooms, xom_confusion_cloud
D:8:      layout_rooms, kennysheep_mini, grunt_decor_cap,
          hangedman_decor_diamond_cutter, guppyfry_shop_venom
D:9:      layout_grid_maze, gammafunk_ghost_abyssal_escape
D:10:     minmay_the_grid_net [minmay_the_grid_all_tris,
          minmay_the_grid_minigrid_small_alt, minmay_the_grid_doors,
          minmay_the_grid_tiny_cups, minmay_the_grid_x,
          minmay_the_grid_prize_big_room], layout_cave_pools,
          mainiacjoe_overflow_large_starburst, kennysheep_little_box,
          minmay_tree_intersection, grunt_decor_clamped, minmay_librarian,
          uniq_harold
D:11:     layout_roguey, lair_entry_dummy, minmay_crystal_room,
          grunt_ministairs_2, st_stairs_10
Temple:   hc_temple_tempest_star
Orc:1:    layout_caves, gammafunk_ghost_berserking_beasts, uniq_maurice
Orc:2:    grunt_orc_gardens, layout_caves, grunt_orc_garden, grunt_orc_garden,
          grunt_orc_garden, grunt_orc_garden, roderic_batcave,
          minmay_orc_temple_a

Skill      XL: |  1  2  3  4  5  6  7  8  9 10 11 12 |
---------------+-------------------------------------+-----
Shields        | 4 5 6 |  6.2
Fighting       | 4 5 6 8 10 11 | 11.1
Armour         | 4 5 7 8 10 11 12 13 | 13.4
Long Blades    | 3 4 5 6 7 9 12 14 16 17 | 17.6
Dodging        | 1 2 |  2.6
Stealth        | 1 |  1.1
Invocations    | 1 2 |  2.0
Evocations     | 1 |  1.0
Throwing       | |  0.5

Action                   |  1- 3 |  4- 6 |  7- 9 | 10-12 || total
-------------------------+-------+-------+-------+-------++-------
Melee: Long sword        |    75 |   125 |   108 |       ||   308
       Headbutt          |     6 |    19 |    25 |    76 ||   126
       Great sword       |       |       |   103 |   389 ||   492
Throw: Boomerang         |     5 |       |       |       ||     5
Invok: Bend Space        |       |       |     1 |     3 ||     4
Evoke: Wand              |       |       |       |    10 ||    10
  Use: Scroll            |     2 |     6 |    13 |    16 ||    37
       Potion            |     2 |     1 |       |     7 ||    10
Armor: Scale mail        |    44 |    23 |       |       ||    67
       Plate armour      |       |    65 |   174 |   448 ||   687
Dodge: Dodged            |    46 |    39 |    68 |   168 ||   321
Block: Buckler           |    22 |    29 |    17 |       ||    68
